 Dungeon Crawl Stone Soup version 0.25.1-2-g60ff931df9 (webtiles) character file.

Game seed: 13859869154145231335

5542 Vinxxi the Blocker (level 10, -1/84 HPs)
             Began as a Minotaur Fighter on Aug 27, 2020.
             Was a Believer of Uskayaw.
             Slain by a deep troll (2 damage)
             ... while paralysed by an ogre mage
             ... on level 9 of the Dungeon on Aug 30, 2020.
             The game lasted 00:29:53 (8833 turns).

Vinxxi the Blocker (Minotaur Fighter)               Turns: 8833, Time: 00:29:53

Health: -1/84      AC: 25    Str: 21    XL:     10   Next: 43%
Magic:  0/9        EV:  2    Int:  8    God:    Uskayaw [**....]
Gold:   335        SH:  0    Dex: 10    Spells: 9/9 levels left

rFire    . . .     SeeInvis .   u - +2 short sword (protect)
rCold    . . .     Gourm    .   c - +0 kite shield
rNeg     . . .     Faith    .   C - +2 chain mail {rPois}
rPois    +         Spirit   +   (helmet restricted)
rElec    .         Reflect  .   i - +0 cloak
rCorr    .         Harm     .   (no gloves)
MR       .....                  (no boots)
Stlth    ..........             m - amulet of guardian spirit
HPRegen  0.24/turn              x - +4 ring of evasion
MPRegen  0.11/turn              L - +4 ring of protection

@: paralysed, protection aura
A: retaliatory headbutt, horns 2
a: Stomp, Line Pass, Renounce Religion


You were on level 9 of the Dungeon.
You worshipped Uskayaw.
Uskayaw was noncommittal.
You were not hungry.

You visited 1 branch of the dungeon, and saw 9 of its levels.

You collected 335 gold pieces.

Inventory:

Hand Weapons
 a - a +0 war axe
 u - a +2 short sword of protection (weapon)
 H - a cursed -2 mace
 I - the cursed +3 mace of Big Damage {elec, rN+, unknown}
   (You found it on level 6 of the Dungeon)

   Occasionally, upon striking a foe, it will discharge some electrical energy
   and cause terrible harm.
   It protects you from negative energy.
   It has a curse placed upon it.
Missiles
 v - 9 atropa-tipped darts (quivered)
 B - 24 poisoned darts
Armour
 b - a +0 scale mail
 c - a +0 kite shield (worn)
 i - a +0 cloak (worn)
 C - a +2 chain mail of poison resistance (worn)
Jewellery
 m - an amulet of guardian spirit (around neck)
 x - a +4 ring of evasion (left hand)
 L - a +4 ring of protection (right hand)
Wands
 q - a wand of iceblast (12)
 G - a wand of flame (51)
Scrolls
 e - a scroll of amnesia {unknown}
 g - 2 scrolls of fear
 n - 7 scrolls of enchant armour
 o - 2 scrolls of noise {unknown}
 s - a scroll of fog {unknown}
 t - 2 scrolls of immolation {unknown}
 y - 3 scrolls of magic mapping {unknown}
 z - 3 scrolls of remove curse {unknown}
 E - 2 scrolls of teleportation {unknown}
 F - a scroll of enchant weapon {unknown}
 K - a scroll of blinking {unknown}
 N - 3 scrolls of random uselessness {unknown}
Potions
 d - 4 potions of might
 h - 4 potions of curing {unknown}
 j - 2 potions of flight {unknown}
 k - a potion of ambrosia {unknown}
 l - 5 potions of stabbing {unknown}
 p - a potion of degeneration {unknown}
 r - 2 potions of lignification {unknown}
 w - a potion of haste {unknown}
 D - a potion of mutation {unknown}
 J - 2 potions of brilliance {unknown}
Comestibles
 f - 22 rations


   Skills:
 + Level 6.8 Fighting
 + Level 8.1 Short Blades
 + Level 7.0 Axes
 + Level 1.3 Throwing
 + Level 8.6 Armour
 + Level 4.6 Dodging
 + Level 3.3 Stealth
 + Level 9.6 Shields


You had 9 spell levels left.
You didn't know any spells.
Your spell library contained the following spells:

 Spells                   Type           Power        Failure   Level  Hunger
 Animate Skeleton         Necr           N/A          99%         1    ##.....
 Pain                     Necr           #...         99%         1    ##.....
 Vampiric Draining        Necr           #.........   100%        3    ####...
 Animate Dead             Necr           N/A          100%        4    #####..
 Agony                    Necr           #.......     100%        5    ######.


Dungeon Overview and Level Annotations

Branches:
Dungeon (9/15)             Temple (0/1) D:5
   Lair: D:8-11         Orc: D:9-12

Altars:
Gozag
Hepliaklqana
Okawaru
Sif Muna
Uskayaw
Yredelemnul

Shops:
D:4 *

Annotations:
D:6 1 runed translucent door, Crazy Yiuf
D:9 Maurice


Innate Abilities, Weirdness & Mutations

You reflexively headbutt those who attack you in melee.
You have a pair of horns on your head.


Message History

The ogre mage hits you but does no damage.
The deep troll bites you but does no damage.
The deep troll claws you. x2
The ogre mage hits you but does no damage.
The deep troll bites you! The deep troll claws you! The deep troll claws you.
The ogre mage gestures at you while chanting.
The bolt of lightning hits you!
* * * LOW HITPOINT WARNING * * *
The ogre mage hits you but does no damage.
The deep troll bites you but does no damage.
The deep troll barely misses you. The deep troll claws you!
* * * LOW HITPOINT WARNING * * *
The ogre mage hits you but does no damage.
The deep troll bites you but does no damage.
The deep troll claws you but does no damage. x2
The ogre mage hits you but does no damage. x2
The deep troll bites you!
* * * LOW HITPOINT WARNING * * *
The deep troll claws you.
You die...

#####.###### # #>.# ##
###+##### ####'#### #.
#.......# #.......# #.
#.......# ###.......####.
#.......####.'.......##...
#.....(.'....#.......##.#.
#.......###..#.......+. #.
#......{O@...........# ##
##...###T####........#
#..## #a #.###'#### #.##
#. #.#...# #.8..$#.
#.#.### #....$#.. #.#.#
.....$#.. #.#'#######
..8..$#._ #.........#
#..##.## . #.........#


You could see an ogre mage (fast), a deep troll and a worker ant.

Vanquished Creatures
  A two-headed ogre (D:8)
  Pikel (D:8)
  Prince Ribbit (D:7)
  3 yaks (D:9)
  Sigmund (D:5)
  Grum (D:9)
  2 orc warriors
  4 slaves (D:7)
  A phantom (D:7)
  2 ice beasts (D:8)
  4 sky beasts
  3 wolves (D:9)
  5 ogres
  2 centaurs (D:6)
  Blork the orc (D:5)
  3 bullfrogs
  3 scorpions
  5 killer bees (D:7)
  3 wights (D:8)
  A howler monkey (D:5)
  A centaur zombie (D:7)
  A crimson imp (D:5)
  9 orc wizards
  6 hounds
  4 orc priests
  2 bullfrog skeletons (D:5)
  An iguana (D:5)
  7 worker ants
  A hound skeleton (D:6)
  A hound zombie (D:2)
  11 adders
  4 shadow imps
  An ooze (D:2)
  An adder zombie (D:9)
  An adder skeleton (D:7)
  3 worms
  A dart slug (D:4)
  5 leopard geckos
  29 orcs
  5 giant cockroaches
  8 goblins
  4 hobgoblins
  8 jackals
  3 quokkas
  A ball python (D:4)
  6 bats
  3 frilled lizards (D:2)
  2 jackal skeletons
  A jackal zombie (D:5)
  4 kobolds
  A leopard gecko zombie (D:5)
  A quokka zombie (D:7)
  3 rats
186 creatures vanquished.

Notes
Turn   | Place    | Note
-------+----------+-------------------------------------------
     0 | D:1      | Vinxxi the Minotaur Fighter began the quest for the Orb.
     0 | D:1      | Reached XP level 1. HP: 19/19 MP: 0/0
   418 | D:1      | Reached XP level 2. HP: 23/27 MP: 1/1
   594 | D:2      | Reached skill level 4 in Shields
   730 | D:2      | Reached XP level 3. HP: 32/33 MP: 2/2
  1154 | D:2      | Reached XP level 4. HP: 40/40 MP: 3/3
  1189 | D:2      | Found a basalt altar of Yredelemnul.
  1189 | D:2      | Found a hide-covered altar of Uskayaw.
  1191 | D:2      | Found an opulent altar of Gozag.
  1471 | D:2      | Became a worshipper of Uskayaw the Reveler
  1500 | D:3      | Reached * piety under Uskayaw
  1703 | D:3      | Reached ** piety under Uskayaw
  2153 | D:4      | Found Zyaceg's General Store.
  2166 | D:4      | Noticed an ogre
  2175 | D:4      | Killed an ogre
  2175 | D:4      | Reached skill level 5 in Shields
  2175 | D:4      | Reached XP level 5. HP: 17/47 MP: 1/4
  2177 | D:4      | Reached *** piety under Uskayaw
  2422 | D:4      | Reached skill level 1 in Dodging
  2751 | D:4      | Reached XP level 6. HP: 40/53 MP: 3/5
  2833 | D:4      | Found a hazy altar of Hepliaklqana.
  2889 | D:4      | Reached skill level 5 in Armour
  3270 | D:4      | Reached skill level 5 in Axes
  3318 | D:5      | Entered Level 5 of the Dungeon
  3422 | D:5      | Found a hide-covered altar of Uskayaw.
  3665 | D:5      | Noticed Sigmund
  3683 | D:5      | Killed Sigmund
  3683 | D:5      | Reached skill level 1 in Stealth
  3683 | D:5      | Reached XP level 7. HP: 39/60 MP: 1/6
  3685 | D:5      | Reached skill level 5 in Fighting
  3886 | D:5      | Found a staircase to the Ecumenical Temple.
  4046 | D:5      | Noticed Blork the orc
  4068 | D:5      | Killed Blork the orc
  4068 | D:5      | Reached skill level 6 in Shields
  4207 | D:5      | Reached XP level 8. HP: 58/68 MP: 5/7
  4552 | D:6      | Reached skill level 1 in Short Blades
  4584 | D:6      | Reached **** piety under Uskayaw
  4707 | D:6      | Reached skill level 7 in Shields
  4877 | D:6      | Found a runed translucent door.
  4881 | D:6      | Noticed Crazy Yiuf
  4883 | D:6      | Got a pitted mace
  5694 | D:7      | Noticed Pikel
  5754 | D:7      | Reached XP level 9. HP: 53/74 MP: 5/8
  5755 | D:7      | Reached skill level 8 in Shields
  6059 | D:7      | Reached skill level 1 in Throwing
  6401 | D:7      | Noticed Prince Ribbit
  6414 | D:7      | Killed Prince Ribbit
  6642 | D:8      | Reached skill level 5 in Short Blades
  7199 | D:8      | Noticed a two-headed ogre
  7218 | D:8      | Killed a two-headed ogre
  7218 | D:8      | Reached skill level 9 in Shields
  7280 | D:8      | Reached XP level 10. HP: 84/84 MP: 9/9
  7460 | D:8      | Killed Pikel
  7984 | D:9      | Noticed Grum
  8010 | D:9      | Killed Grum
  8015 | D:9      | Reached ***** piety under Uskayaw
  8052 | D:9      | Found an iron altar of Okawaru.
  8801 | D:9      | Noticed an ogre mage
  8802 | D:9      | Noticed Maurice
  8803 | D:9      | Found a shimmering blue altar of Sif Muna.
  8803 | D:9      | Noticed a deep troll
  8804 | D:9      | Paralysed by an ogre mage for 5 turns
  8819 | D:9      | Paralysed by an ogre mage for 2 turns
  8829 | D:9      | Paralysed by an ogre mage for 5 turns
  8833 | D:9      | HP: 1/84 [deep troll (6)]
  8833 | D:9      | Slain by a deep troll

Illustrated notes

Levels and vault maps discovered:
D:1:      matt_arrival_spirals, layout_basic
D:2:      layout_loops_cross, chequers_temple_overflow_statue_of_worship,
          serial_forest, infiniplex_forest_lined_4_way, infiniplex_forest_split,
          infiniplex_forest_zigzag_2, infiniplex_forest_lined_3,
          infiniplex_forest_clump_curved, infiniplex_forest_straight_2,
          infiniplex_forest_clump_diagonal
D:3:      layout_basic, first_ration
D:4:      cheibrodos_old_hovel, layout_loops_ring, lemuel_crystal_altar,
          serial_shops, shop, grunt_ministairs_11
D:5:      minmay_chambers_of_threes, layout_basic, temple_green, basic_altar,
          uniq_blork_the_orc, uniq_sigmund
D:6:      layout_basic, uniq_crazy_yiuf_cottage
D:7:      layout_cave_pools, uniq_prince_ribbit1, uniq_pikel
D:8:      layout_loops_ring, grunt_ogre_cave, grunt_decor_fettered
D:9:      layout_roguey, okawaru_ov_weapons_minmay, erik_orc_2,
          jmf_multi_god_temple, uniq_maurice, uniq_grum

Skill      XL: |  1  2  3  4  5  6  7  8  9 10 |
---------------+-------------------------------+-----
Shields        | 4 5 6 7 9 |  9.6
Fighting       | 4 5 6 |  6.8
Armour         | 4 5 6 7 8 |  8.6
Axes           | 3 4 5 6 7 |  7.0
Dodging        | 1 2 3 4 |  4.6
Stealth        | 1 2 3 |  3.3
Short Blades   | 3 6 8 |  8.1
Throwing       | 1 |  1.3

Action                   |  1- 3 |  4- 6 |  7- 9 | 10-12 || total
-------------------------+-------+-------+-------+-------++-------
Melee: War axe           |    60 |   147 |    41 |       ||   248
       Headbutt          |     9 |    24 |    66 |    28 ||   127
       Short sword       |       |       |   341 |   177 ||   518
Throw: Dart              |       |       |    14 |       ||    14
Invok: Line Pass         |       |     1 |     1 |       ||     2
       Stomp             |       |       |     2 |       ||     2
  Use: Scroll            |       |     4 |     2 |     2 ||     8
       Potion            |       |     1 |     1 |     2 ||     4
 Stab: Paralysed         |       |     2 |     7 |     6 ||    15
  Eat: Chunk             |     1 |     8 |     9 |     5 ||    23
       Ration            |       |       |     1 |       ||     1
Armor: Scale mail        |    27 |    49 |   137 |       ||   213
       Chain mail        |       |       |    15 |    60 ||    75
Dodge: Dodged            |    21 |    45 |   183 |    57 ||   306
Block: Kite shield       |    35 |    81 |   220 |    78 ||   414
